AoeStats
← JSA

Arabian Desert

509324314Analyzed
1v1 RM · 6d ago on Sep 26, 2026· 44m 40s· 2 players
Game mode
Random Map
Map size
Tiny (2 player)
Population
200
Speed
Normal
Resources
Standard
Victory
Conquest
Starting age
Dark Age
Ending age
Imperial Age
RankedLock teamsTeams togetherTeam positionsShared explorationLock speedFull tech treeHidden civsTurbo modeCheats
Victory
Defeat
🇬🇧 Jurchens · United Kingdom
1247
+13
🇪🇸 Magyars · Spain
1173
-13
JSA
6:16 Loom
8:37 Feudal Age
9:22 Double-Bit Axe
9:55 Horse Collar
20:58 Castle Age
19:20 Scale Mail Armor
19:13 Horse Collar
19:00 Man-at-Arms
20:56 Scale Barding Armor
21:16 Bloodlines
21:38 Long Swordsman
22:24 Husbandry
23:33 Wheelbarrow
23:59 Town Watch
27:48 Chain Mail Armor
27:56 Chain Barding Armor
27:48 Fletching
29:35 Bodkin Arrow
30:35 Stone Mining
41:43 Imperial Age
39:32 Town Watch
42:34 Hand Cart
41:44 Cavalier
43:04 Plate Barding Armor
43:40 Conscription
Thee Professor
6:31 Loom
9:11 Feudal Age
9:54 Double-Bit Axe
19:45 Castle Age
18:33 Horse Collar
19:20 Gold Mining
21:24 Forging
21:27 Bloodlines
25:10 Iron Casting
27:28 Wheelbarrow
29:08 Scale Barding Armor
33:32 Chain Barding Armor
34:56 Hand Cart
36:57 Light Cavalry
37:54 Heavy Plow
38:38 Husbandry
41:09 Stone Mining
42:03 Town Watch
43:10 Fortified Bastions
46:14 Imperial Age
Connection lost

Rejoining the realm…

Still unreachable

The connection could not be restored.

Session expired

The server has moved on; the page needs a fresh start.